[Event "Mitropa Online Cup Open 2021"]
[Site "Hybrid"]
[Date "2021.05.04"]
[Round "5.2"]
[White "Tica, Sven"]
[Black "Lodici, Lorenzo"]
[Result "0-1"]
[ECO "A62"]
[WhiteElo "2396"]
[BlackElo "2483"]
[Annotator "ChessBase"]
[PlyCount "98"]
[EventDate "2021.05.04"]
[EventType "team-tourn"]
[EventCountry "NET"]
[SourceTitle "playchess.com"]
[Source "ChessBase"]
[SourceQuality "1"]
[WhiteTeam "Croatia"]
[BlackTeam "Italy"]
[WhiteTeamCountry "CRO"]
[BlackTeamCountry "ITA"]
[TimeControl "40/5400+30:1800+30"]

1. d4 Nf6 2. c4 e6 3. g3 c5 4. d5 exd5 5. cxd5 d6 6. Nc3 g6 7. Bg2 Bg7 8. Nf3 O-O 9. O-O Nbd7 10. Nd2 Nh5 11. e4 Ne5 12. Qe2 Re8 13. Nc4 f5 14. Nxe5 Bxe5 15. Bh6 a6 16. a4 Nf6 17. f3 Rb8 18. Bg5 Qc7 19. a5 b5 20. axb6 Rxb6 21. Na4 Rb8 22. Rfd1 fxe4 23. f4 Bg4 24. Qc2 Bxd1 25. Rxd1 c4 26. fxe5 Qa7+ 27. Qf2 Qxf2+ 28. Kxf2 Ng4+ 29. Ke2 Nxe5 30. Be3 Rb4 31. Ra1 Nd3 32. Bd4 Rb5 33. Ke3 Nb4 34. Rc1 Nxd5+ 35. Ke2 Rb4 36. Bh3 Re7 37. Ra1 Kf7 38. Ra2 Rb3 39. Bc8 Nb4 40. Ra1 Nc2 41. Rf1+ Rf3 42. Bc3 Rxf1 43. Kxf1 d5 44. Bxa6 Ra7 45. Bb5 Ke7 46. Ke2 d4 47. Bxc4 Rxa4 48. Bb3 dxc3 49. Bxa4 Nd4+ 0-1

[Event "Mitropa Online Cup Open 2021"]
[Site "Hybrid"]
[Date "2021.05.04"]
[Round "5.3"]
[White "Studer, Noel"]
[Black "Sochacki, Christophe"]
[Result "1-0"]
[ECO "A88"]
[WhiteElo "2579"]
[BlackElo "2477"]
[Annotator "ChessBase"]
[PlyCount "145"]
[EventDate "2021.05.04"]
[EventType "team-tourn"]
[EventCountry "NET"]
[SourceTitle "playchess.com"]
[Source "ChessBase"]
[SourceQuality "1"]
[WhiteTeam "Switzerland"]
[BlackTeam "France"]
[WhiteTeamCountry "SUI"]
[BlackTeamCountry "FRA"]
[TimeControl "40/5400+30:1800+30"]

1. d4 f5 2. c4 Nf6 3. g3 g6 4. Bg2 Bg7 5. Nf3 O-O 6. O-O d6 7. Nc3 c6 8. Re1 Na6 9. a3 h6 10. Qc2 Qe8 11. b4 g5 12. c5 Nc7 13. Bb2 Qh5 14. b5 f4 15. a4 Bh3 16. Bh1 Rf7 17. bxc6 bxc6 18. d5 Raf8 19. cxd6 exd6 20. dxc6 fxg3 21. hxg3 Ng4 22. Ne4 Bxb2 23. Qxb2 d5 24. Ned2 d4 25. Qxd4 Ne6 26. Qc4 Nf4 27. c7 Rc8 28. Rab1 Rcxc7 29. Rb8+ Kh7 30. Qd4 Rg7 31. Qd8 Rce7 32. e3 Ng6 33. Qd3 Rd7 34. Qc2 Rgf7 35. Qc8 Nf8 36. Qc2+ Kg7 37. Rc1 Nxf2 38. Kxf2 g4 39. Qb2+ Kg8 40. Rc4 gxf3 41. Rh4 Qa5 42. Rbb4 Ng6 43. Nc4 Qf5 44. Rxh6 Rd8 45. g4 Bxg4 46. Rxg6+ Kh7 47. Rd6 Qh5 48. Qb1+ Bf5 49. e4 Qh2+ 50. Ke3 Rxd6 51. Nxd6 Qh6+ 52. Kf2 Qh2+ 53. Ke3 Qe2+ 54. Kd4 Qd2+ 55. Ke5 Re7+ 56. Kxf5 Qxd6 57. e5 Qg6+ 58. Kf4 Rf7+ 59. Ke3 Rf5 60. Rh4+ Kg7 61. Kf2 Qg5 62. Qg1 Qxg1+ 63. Kxg1 Kf7 64. Rh7+ Ke6 65. Rxa7 Rf4 66. Ra5 f2+ 67. Kf1 Kf5 68. Bg2 Kg4 69. e6 Rb4 70. e7 Kg3 71. Rg5+ Kh2 72. Rh5+ Kg3 73. Rh3+ 1-0

[Event "Mitropa Online Cup Open 2021"]
[Site "Hybrid"]
[Date "2021.05.04"]
[Round "5.3"]
[White "Fecker, Noah"]
[Black "Droin, Augustin"]
[Result "1-0"]
[ECO "B19"]
[WhiteElo "2308"]
[BlackElo "2292"]
[Annotator "NA"]
[PlyCount "141"]
[EventDate "2021.05.04"]
[EventType "team-tourn"]
[EventCountry "NET"]
[SourceTitle "playchess.com"]
[Source "ChessBase"]
[SourceQuality "1"]
[WhiteTeam "Switzerland"]
[BlackTeam "France"]
[WhiteTeamCountry "SUI"]
[BlackTeamCountry "FRA"]
[TimeControl "40/5400+30:1800+30"]

1. e4 c6 2. d4 d5 3. Nc3 dxe4 4. Nxe4 Bf5 5. Ng3 Bg6 6. h4 h6 7. Nf3 Nd7 8. h5 Bh7 9. Bd3 Bxd3 10. Qxd3 e6 11. Bd2 Ngf6 12. O-O-O Be7 13. Ne4 Nxe4 14. Qxe4 Nf6 15. Qe2 Qd5 16. c4 Qe4 17. Qxe4 Nxe4 18. Be3 O-O 19. Ne5 Rfd8 20. Rhe1 Nd6 21. g4 Bf6 22. b3 b5 23. Re2 bxc4 24. bxc4 a5 25. Rc2 Ra6 26. Rb2 a4 27. c5 Nb5 28. Nxc6 Rxc6 29. Rxb5 Rd5 30. f4 Be7 31. Kc2 f5 32. g5 hxg5 33. fxg5 f4 34. Rb8+ Kf7 35. g6+ Kf6 36. Bxf4 Rxh5 37. Rb7 Bxc5 38. dxc5 Rcxc5+ 39. Kb2 Kxg6 40. Rg1+ Kf5 41. Rf7+ Ke4 42. Re1+ Kf3 43. Bd6+ Rcf5 44. Rxg7 e5 45. Re7 Kg4 46. R7xe5 Rf2+ 47. R1e2 Rxe2+ 48. Rxe2 Rh3 49. Re4+ Kf5 50. Rxa4 Ke6 51. Bb4 Kd5 52. Bc3 Kc5 53. Kb3 Kb5 54. Ra5+ Kb6 55. Rg5 Rh4 56. a4 Re4 57. Rg6+ Kb7 58. a5 Ka7 59. Bb4 Kb7 60. Ka4 Re5 61. Kb3 Re4 62. Bc5 Re8 63. Kb4 Rc8 64. Kb5 Ka8 65. Ka6 Rb8 66. Ba7 Rc8 67. Bb6 Rb8 68. Bc7 Re8 69. Rg7 Rc8 70. Rd7 Rg8 71. Bd6 1-0

[Event "Mitropa Online Cup Open 2021"]
[Site "Hybrid"]
[Date "2021.05.04"]
[Round "5.4"]
[White "Babula, Vlastimil"]
[Black "Blohberger, Felix"]
[Result "1/2-1/2"]
[ECO "D17"]
[WhiteElo "2559"]
[BlackElo "2463"]
[Annotator "ChessBase"]
[PlyCount "64"]
[EventDate "2021.05.04"]
[EventType "team-tourn"]
[EventCountry "NET"]
[SourceTitle "playchess.com"]
[Source "ChessBase"]
[SourceQuality "1"]
[WhiteTeam "Czech Republic"]
[BlackTeam "Austria"]
[WhiteTeamCountry "CZE"]
[BlackTeamCountry "AUT"]
[TimeControl "40/5400+30:1800+30"]

1. d4 d5 2. c4 c6 3. Nf3 Nf6 4. Nc3 dxc4 5. a4 Bf5 6. Nh4 Bg6 7. Nxg6 hxg6 8. e3 e6 9. Bxc4 Bb4 10. O-O Qc7 11. h3 O-O 12. Qc2 Rd8 13. Rd1 c5 14. Bd2 Nc6 15. dxc5 Ne5 16. Be2 Qxc5 17. Be1 Rac8 18. Rxd8+ Rxd8 19. Rd1 Rxd1 20. Qxd1 Nd5 21. Nxd5 Bxe1 22. Nf4 Ba5 23. Nd3 Nxd3 24. Bxd3 Qb4 25. Qc2 Kh7 26. g3 Qd2 27. h4 Qxc2 28. Bxc2 Kg8 29. Be4 b6 30. Kf1 Kf8 31. Ke2 Ke7 32. Bc6 Bb4 1/2-1/2

[Event "Mitropa Online Cup Open 2021"]
[Site "Hybrid"]
[Date "2021.05.04"]
[Round "5.4"]
[White "Dragnev, Valentin"]
[Black "Nguyen, Thai Dai Van"]
[Result "1/2-1/2"]
[ECO "B33"]
[WhiteElo "2559"]
[BlackElo "2577"]
[Annotator "ChessBase"]
[PlyCount "79"]
[EventDate "2021.05.04"]
[EventType "team-tourn"]
[EventCountry "NET"]
[SourceTitle "playchess.com"]
[Source "ChessBase"]
[SourceQuality "1"]
[WhiteTeam "Austria"]
[BlackTeam "Czech Republic"]
[WhiteTeamCountry "AUT"]
[BlackTeamCountry "CZE"]
[TimeControl "40/5400+30:1800+30"]

1. e4 c5 2. Nf3 e6 3. d4 cxd4 4. Nxd4 Nf6 5. Nc3 Nc6 6. Ndb5 d6 7. Bf4 e5 8. Bg5 a6 9. Na3 b5 10. Nd5 Be7 11. Bxf6 Bxf6 12. c3 Ne7 13. Nxf6+ gxf6 14. Nc2 Bb7 15. Bd3 d5 16. Qe2 f5 17. exf5 e4 18. f6 Nf5 19. f3 Qxf6 20. O-O Qb6+ 21. Rf2 Nd6 22. Nd4 O-O-O 23. Bc2 Kb8 24. Raf1 b4 25. fxe4 dxe4 26. Bb3 Rc8 27. Qe3 bxc3 28. bxc3 Rhd8 29. Bxf7 Qc5 30. Rc1 Rc7 31. Bb3 Nb5 32. Rf5 Qb6 33. Nc2 Qxe3+ 34. Nxe3 Rd3 35. Nc4 Nxc3 36. Re1 Bd5 37. Ne5 Bxb3 38. axb3 Rd5 39. Rf8+ Ka7 40. Nc4 1/2-1/2

[Event "Mitropa Online Cup Open 2021"]
[Site "Hybrid"]
[Date "2021.05.04"]
[Round "5.4"]
[White "Froewis, Georg"]
[Black "Kriebel, Tadeas"]
[Result "0-1"]
[ECO "A17"]
[WhiteElo "2460"]
[BlackElo "2527"]
[Annotator "ChessBase"]
[PlyCount "84"]
[EventDate "2021.05.04"]
[EventType "team-tourn"]
[EventCountry "NET"]
[SourceTitle "playchess.com"]
[Source "ChessBase"]
[SourceQuality "1"]
[WhiteTeam "Austria"]
[BlackTeam "Czech Republic"]
[WhiteTeamCountry "AUT"]
[BlackTeamCountry "CZE"]
[TimeControl "40/5400+30:1800+30"]

1. Nf3 Nf6 2. c4 e6 3. Nc3 d5 4. e3 a6 5. b3 b6 6. Bb2 Bb7 7. cxd5 exd5 8. Be2 Nbd7 9. O-O Bd6 10. Rc1 O-O 11. Qc2 Re8 12. Qb1 Qe7 13. Rfd1 Rac8 14. d4 g6 15. Nd2 Nf8 16. Bf3 Ne6 17. e4 Nxd4 18. Nxd5 Nxf3+ 19. Nxf3 Nxd5 20. exd5 Qe4 21. Rd3 Bxd5 22. Rcd1 c6 23. Ba1 f6 24. h3 Qf5 25. Qb2 Re6 26. Qd4 Rce8 27. Qg4 Qxd3 28. Qxe6+ Rxe6 29. Rxd3 Re2 30. Bxf6 Rxa2 31. Be5 Bxe5 32. Nxe5 Ra1+ 33. Kh2 Ra3 34. Nc4 Bxc4 35. Rd8+ Kf7 36. bxc4 Rc3 37. Rd7+ Ke6 38. Rxh7 Rxc4 39. g4 a5 40. Kg3 a4 41. h4 Rc5 42. Rb7 Rb5 0-1

[Event "Mitropa Online Cup Open 2021"]
[Site "Hybrid"]
[Date "2021.05.04"]
[Round "5.4"]
[White "Finek, Vaclav"]
[Black "Morgunov, Marc"]
[Result "1/2-1/2"]
[ECO "E60"]
[WhiteElo "2361"]
[BlackElo "2385"]
[Annotator "NA"]
[PlyCount "48"]
[EventDate "2021.05.04"]
[EventType "team-tourn"]
[EventCountry "NET"]
[SourceTitle "playchess.com"]
[Source "ChessBase"]
[SourceQuality "1"]
[WhiteTeam "Czech Republic"]
[BlackTeam "Austria"]
[WhiteTeamCountry "CZE"]
[BlackTeamCountry "AUT"]
[TimeControl "40/5400+30:1800+30"]

1. Nf3 Nf6 2. c4 g6 3. d4 Bg7 4. g3 O-O 5. Bg2 d6 6. O-O Ne4 7. Nbd2 Nxd2 8. Bxd2 e5 9. Bc3 e4 10. Nd2 f5 11. e3 c6 12. Qb3 Nd7 13. f3 exf3 14. Bxf3 Nf6 15. e4 fxe4 16. Nxe4 Bh3 17. Nxf6+ Rxf6 18. Bg2 Bxg2 19. Kxg2 Rxf1 20. Rxf1 Qe7 21. Re1 Qf7 22. Rf1 Qe7 23. Re1 Qf7 24. Rf1 Qe7 1/2-1/2

[Event "Mitropa Online Cup Open 2021"]
[Site "Hybrid"]
[Date "2021.05.04"]
[Round "5.5"]
[White "Hera, Imre Jr."]
[Black "Gazik, Viktor"]
[Result "1/2-1/2"]
[ECO "E62"]
[WhiteElo "2610"]
[BlackElo "2542"]
[Annotator "RC"]
[PlyCount "74"]
[EventDate "2021.05.04"]
[EventType "team-tourn"]
[EventCountry "NET"]
[SourceTitle "playchess.com"]
[Source "ChessBase"]
[SourceQuality "1"]
[WhiteTeam "Hungary"]
[BlackTeam "Slovakia"]
[WhiteTeamCountry "HUN"]
[BlackTeamCountry "SVK"]
[TimeControl "40/5400+30:1800+30"]

1. d4 Nf6 2. Nf3 g6 3. g3 Bg7 4. Bg2 O-O 5. O-O d6 6. c4 Nc6 7. Nc3 e5 8. dxe5 dxe5 9. Bg5 Be6 10. Qc1 Qc8 11. Rd1 Nd7 12. b3 f6 13. Bh6 Bxh6 14. Qxh6 Rf7 15. Qd2 Qf8 16. Qb2 Nb6 17. Ne1 Re8 18. Nd3 g5 19. c5 Nc8 20. b4 h5 21. b5 Na5 22. Qb4 b6 23. Rac1 Ne7 24. Ne4 Nf5 25. cxb6 cxb6 26. Qxf8+ Rexf8 27. Nc3 Rc8 28. e3 Rd7 29. Bf1 Kg7 30. Be2 h4 31. Ne4 Rxc1 32. Nxc1 Rxd1+ 33. Bxd1 hxg3 34. hxg3 Bd5 35. Nc3 Bc4 36. Bc2 Nd6 37. a4 Kf7 1/2-1/2

[Event "Mitropa Online Cup Open 2021"]
[Site "Hybrid"]
[Date "2021.05.04"]
[Round "5.5"]
[White "Pechac, Jergus"]
[Black "Mihok, Oliver"]
[Result "1/2-1/2"]
[ECO "E94"]
[WhiteElo "2519"]
[BlackElo "2547"]
[Annotator "ChessBase"]
[PlyCount "95"]
[EventDate "2021.05.04"]
[EventType "team-tourn"]
[EventCountry "NET"]
[SourceTitle "playchess.com"]
[Source "ChessBase"]
[SourceQuality "1"]
[WhiteTeam "Slovakia"]
[BlackTeam "Hungary"]
[WhiteTeamCountry "SVK"]
[BlackTeamCountry "HUN"]
[TimeControl "40/5400+30:1800+30"]

1. Nf3 Nf6 2. c4 g6 3. Nc3 Bg7 4. e4 d6 5. d4 O-O 6. Be2 e5 7. O-O c6 8. Re1 exd4 9. Nxd4 Re8 10. Bf1 Ng4 11. Nf3 Qb6 12. Qc2 Nd7 13. h3 Nge5 14. Nxe5 dxe5 15. Be3 Qc7 16. Red1 Bf8 17. Na4 b6 18. a3 Nc5 19. Nxc5 Bxc5 20. Bxc5 bxc5 21. b4 Be6 22. Qc3 cxb4 23. axb4 c5 24. bxc5 a5 25. Rd5 Bd7 26. Bd3 a4 27. Bc2 Ra7 28. h4 h5 29. Ra3 Re6 30. Qa1 Bc6 31. Bd1 Re7 32. Qc1 Ra5 33. Rc3 a3 34. Rxa3 Bxd5 35. Rxa5 Qxa5 36. cxd5 Qe1+ 37. Kh2 Qxf2 38. c6 Qxh4+ 39. Kg1 Qe1+ 40. Kh2 Qh4+ 41. Kg1 Qxe4 42. c7 Qd4+ 43. Kh2 Rxc7 44. Qxc7 Qh4+ 45. Kg1 Qd4+ 46. Kh2 Qh4+ 47. Kg1 Qd4+ 48. Kh2 1/2-1/2

[Event "Mitropa Online Cup Open 2021"]
[Site "Hybrid"]
[Date "2021.05.04"]
[Round "5.5"]
[White "Nagy, Gabor"]
[Black "Nayhebaver, Martin"]
[Result "1/2-1/2"]
[ECO "E19"]
[WhiteElo "2511"]
[BlackElo "2485"]
[Annotator "ChessBase"]
[PlyCount "110"]
[EventDate "2021.05.04"]
[EventType "team-tourn"]
[EventCountry "NET"]
[SourceTitle "playchess.com"]
[Source "ChessBase"]
[SourceQuality "1"]
[WhiteTeam "Hungary"]
[BlackTeam "Slovakia"]
[WhiteTeamCountry "HUN"]
[BlackTeamCountry "SVK"]
[TimeControl "40/5400+30:1800+30"]

1. Nf3 Nf6 2. c4 b6 3. g3 Bb7 4. Bg2 e6 5. O-O Be7 6. d4 O-O 7. Nc3 Ne4 8. Qc2 Nxc3 9. Qxc3 c5 10. Rd1 Bf6 11. Qc2 Nc6 12. dxc5 bxc5 13. Bf4 Qb6 14. Rxd7 Nd4 15. Nxd4 Bxg2 16. Rd6 Qb7 17. Nb3 Be7 18. Na5 Qe4 19. Qxe4 Bxe4 20. Rd2 Rad8 21. f3 Rxd2 22. Bxd2 Ba8 23. Be3 Rc8 24. Rd1 Bf6 25. Rd2 Bd8 26. Nb3 Bb6 27. a4 a5 28. Rd6 Bc6 29. Nxc5 Bxc5 30. Bxc5 Bxa4 31. Bb6 Kf8 32. c5 Bb5 33. Kf2 a4 34. e4 Ke7 35. g4 Bd7 36. f4 Bb5 37. h4 Ra8 38. e5 Rc8 39. f5 Rc6 40. Rd4 exf5 41. gxf5 Rc8 42. Rd6 Bd7 43. f6+ gxf6 44. exf6+ Ke8 45. Rd4 Rc6 46. Rf4 Re6 47. Bc7 Bc6 48. Rf5 Be4 49. Rf4 Bc6 50. h5 Kd7 51. Ba5 Re5 52. Rd4+ Rd5 53. Rxd5+ Bxd5 54. Ke3 Ke6 55. Bc3 Kf5 1/2-1/2

[Event "Mitropa Online Cup Open 2021"]
[Site "Hybrid"]
[Date "2021.05.04"]
[Round "5.5"]
[White "Sahidi, Samir"]
[Black "Csiki, Endre"]
[Result "1-0"]
[ECO "E11"]
[WhiteElo "2406"]
[BlackElo "2310"]
[Annotator "NA"]
[PlyCount "69"]
[EventDate "2021.05.04"]
[EventType "team-tourn"]
[EventCountry "NET"]
[SourceTitle "playchess.com"]
[Source "ChessBase"]
[SourceQuality "1"]
[WhiteTeam "Slovakia"]
[BlackTeam "Hungary"]
[WhiteTeamCountry "SVK"]
[BlackTeamCountry "HUN"]
[TimeControl "40/5400+30:1800+30"]

1. d4 Nf6 2. c4 e6 3. Nf3 d5 4. g3 Bb4+ 5. Bd2 Be7 6. Bg2 O-O 7. Nc3 Nbd7 8. Qb3 Nb6 9. cxd5 exd5 10. Ne5 Be6 11. Na4 Qe8 12. Nc5 Bxc5 13. dxc5 d4 14. Qc2 Bd5 15. Bxd5 Nbxd5 16. Nf3 Rd8 17. Nxd4 Ne7 18. Bc3 Ned5 19. O-O Nxc3 20. bxc3 Qe4 21. Rac1 Rd5 22. c6 b6 23. Qd2 Ng4 24. Rfd1 Ne5 25. Qf4 Qxf4 26. gxf4 Nc4 27. Nb3 Rfd8 28. Rd4 Na5 29. Nxa5 bxa5 30. Rcd1 Rxd4 31. Rxd4 Rb8 32. Rd7 g6 33. Rxc7 Rb2 34. Rb7 Rxe2 35. c7 1-0

[Event "Mitropa Online Cup Open 2021"]
[Site "Hybrid"]
[Date "2021.05.04"]
[Round "6.1"]
[White "Prusikin, Michael"]
[Black "Pechac, Jergus"]
[Result "1/2-1/2"]
[ECO "D10"]
[WhiteElo "2547"]
[BlackElo "2519"]
[Annotator "ChessBase"]
[PlyCount "76"]
[EventDate "2021.05.04"]
[EventType "team-tourn"]
[EventCountry "NET"]
[SourceTitle "playchess.com"]
[Source "ChessBase"]
[SourceQuality "1"]
[WhiteTeam "Germany"]
[BlackTeam "Slovakia"]
[WhiteTeamCountry "GER"]
[BlackTeamCountry "SVK"]
[TimeControl "40/5400+30:1800+30"]

1. d4 d5 2. c4 c6 3. cxd5 cxd5 4. Bg5 Nc6 5. Nc3 f6 6. Bd2 Nxd4 7. e3 Nf5 8. Nf3 e5 9. Qb3 Nge7 10. Bb5+ Bd7 11. Nxd5 Nxd5 12. Qxd5 Bxb5 13. Qxb5+ Qd7 14. Qxd7+ Kxd7 15. Bc3 Ke6 16. Ke2 Be7 17. Nd2 h5 18. h3 Rac8 19. Rac1 Rc6 20. Ne4 Rc4 21. Nd2 Ra4 22. a3 g5 23. g4 Nh4 24. Bb4 Bxb4 25. Rc4 Ng6 26. Rd1 hxg4 27. hxg4 b5 28. Rxb4 Rxb4 29. axb4 Rh4 30. Kf3 e4+ 31. Nxe4 Ne5+ 32. Ke2 Rxg4 33. Rd4 Rh4 34. Nc5+ Kf5 35. e4+ Kg6 36. Rd6 Rh1 37. Nd3 Nxd3 38. Rxd3 Rb1 1/2-1/2

[Event "Mitropa Online Cup Open 2021"]
[Site "Hybrid"]
[Date "2021.05.04"]
[Round "6.1"]
[White "Koellner, Ruben Gideon"]
[Black "Sahidi, Samir"]
[Result "0-1"]
[ECO "C54"]
[WhiteElo "2412"]
[BlackElo "2406"]
[Annotator "NA"]
[PlyCount "82"]
[EventDate "2021.05.04"]
[EventType "team-tourn"]
[EventCountry "NET"]
[SourceTitle "playchess.com"]
[Source "ChessBase"]
[SourceQuality "1"]
[WhiteTeam "Germany"]
[BlackTeam "Slovakia"]
[WhiteTeamCountry "GER"]
[BlackTeamCountry "SVK"]
[TimeControl "40/5400+30:1800+30"]

1. e4 e5 2. Nf3 Nc6 3. Bc4 Bc5 4. c3 Nf6 5. d3 a6 6. Nbd2 O-O 7. O-O d6 8. Bb3 Ba7 9. h3 Ne7 10. Nh4 c6 11. Re1 Be6 12. Nf1 d5 13. Qf3 Qd6 14. Ng3 Nd7 15. Bc2 b5 16. Be3 d4 17. Bd2 a5 18. Nhf5 Nxf5 19. exf5 Bd5 20. Qg4 Nf6 21. Qh4 dxc3 22. bxc3 Rfe8 23. Re2 a4 24. c4 Bd4 25. Rae1 bxc4 26. Bg5 Kf8 27. Bxf6 Qxf6 28. Qg4 c3 29. h4 Qh6 30. Kh2 Qf4 31. Qxf4 exf4 32. Rxe8+ Rxe8 33. Rxe8+ Kxe8 34. Ne2 Be5 35. f3 a3 36. Nc1 c5 37. Nb3 Bd4 38. Kh3 h5 39. g4 Bxf3 40. gxh5 Ke7 41. Na5 Be2 0-1

[Event "Mitropa Online Cup Open 2021"]
[Site "Hybrid"]
[Date "2021.05.04"]
[Round "6.1"]
[White "Haring, Filip"]
[Black "Krastev, Alexander"]
[Result "1-0"]
[ECO "C45"]
[WhiteElo "2376"]
[BlackElo "2367"]
[Annotator "NA"]
[PlyCount "75"]
[EventDate "2021.05.04"]
[EventType "team-tourn"]
[EventCountry "NET"]
[SourceTitle "playchess.com"]
[Source "ChessBase"]
[SourceQuality "1"]
[WhiteTeam "Slovakia"]
[BlackTeam "Germany"]
[WhiteTeamCountry "SVK"]
[BlackTeamCountry "GER"]
[TimeControl "40/5400+30:1800+30"]

1. e4 e5 2. Nf3 Nc6 3. d4 exd4 4. Nxd4 Bc5 5. Nb3 Bb6 6. Nc3 Nf6 7. Qe2 a5 8. a4 d6 9. Bg5 h6 10. Be3 Bxe3 11. Qxe3 O-O 12. O-O-O Nb4 13. f3 Nd7 14. g4 Qg5 15. f4 Qxg4 16. h4 f5 17. Bc4+ Kh8 18. Rdg1 Qh5 19. Qg3 Qg4 20. Qf2 Qh5 21. Qg2 Qg4 22. Qf1 Qh5 23. Rg5 Qe8 24. Rhg1 fxe4 25. Rxg7 Nf6 26. Qg2 Bg4 27. Rxg4 Nxg4 28. Qxg4 Qe7 29. Nd4 Qf6 30. Ne6 Rg8 31. Ng5 d5 32. Bxd5 Nxd5 33. Nxd5 Qf8 34. Qh5 c6 35. Nf7+ Qxf7 36. Qxh6+ Qh7 37. Qxh7+ Kxh7 38. Nf6+ 1-0

[Event "Mitropa Online Cup Open 2021"]
[Site "Hybrid"]
[Date "2021.05.04"]
[Round "6.2"]
[White "Antal, Gergely"]
[Black "Babula, Vlastimil"]
[Result "0-1"]
[ECO "B40"]
[WhiteElo "2572"]
[BlackElo "2559"]
[Annotator "ChessBase"]
[PlyCount "88"]
[EventDate "2021.05.04"]
[EventType "team-tourn"]
[EventCountry "NET"]
[SourceTitle "playchess.com"]
[Source "ChessBase"]
[SourceQuality "1"]
[WhiteTeam "Hungary"]
[BlackTeam "Czech Republic"]
[WhiteTeamCountry "HUN"]
[BlackTeamCountry "CZE"]
[TimeControl "40/5400+30:1800+30"]

1. e4 c5 2. Nf3 e6 3. b3 a6 4. c4 Nc6 5. Bb2 Nf6 6. e5 Ng4 7. h3 Nh6 8. g4 d5 9. exd6 Qxd6 10. Bg2 Bd7 11. O-O O-O-O 12. Qe2 f6 13. Nc3 e5 14. Nd5 Nf7 15. b4 h5 16. Nb6+ Kb8 17. bxc5 Qe6 18. Nxd7+ Qxd7 19. gxh5 Bxc5 20. Nh4 Qxd2 21. Qg4 Qg5 22. Rab1 Rxh5 23. Qe6 Nd6 24. Nf3 Qf5 25. Qxf5 Rxf5 26. Nh4 Rh5 27. Bxc6 Rxh4 28. Bg2 Nxc4 29. Bxe5+ fxe5 30. Rxb7+ Kc8 31. Rc1 e4 32. Rxg7 e3 33. Bf1 exf2+ 34. Kh2 Rdd4 35. Kg3 Kd8 36. Rg4 Rhxg4+ 37. hxg4 Nd2 38. Bxa6 Bb6 39. Rc6 f1=Q 40. Bxf1 Nxf1+ 41. Kh4 Bc7 42. Kh5 Ng3+ 43. Kg5 Kd7 44. Rc2 Bd8+ 0-1

[Event "Mitropa Online Cup Open 2021"]
[Site "Hybrid"]
[Date "2021.05.04"]
[Round "6.2"]
[White "Krejci, Jan"]
[Black "Mihok, Oliver"]
[Result "1/2-1/2"]
[ECO "A39"]
[WhiteElo "2540"]
[BlackElo "2547"]
[Annotator "ChessBase"]
[PlyCount "81"]
[EventDate "2021.05.04"]
[EventType "team-tourn"]
[EventCountry "NET"]
[SourceTitle "playchess.com"]
[Source "ChessBase"]
[SourceQuality "1"]
[WhiteTeam "Czech Republic"]
[BlackTeam "Hungary"]
[WhiteTeamCountry "CZE"]
[BlackTeamCountry "HUN"]
[TimeControl "40/5400+30:1800+30"]

1. c4 Nf6 2. Nc3 g6 3. g3 Bg7 4. Bg2 c5 5. Nf3 Nc6 6. d4 cxd4 7. Nxd4 O-O 8. O-O Nxd4 9. Qxd4 d6 10. Qd3 a6 11. Bg5 Rb8 12. a4 Be6 13. b3 Re8 14. Rac1 Qa5 15. Bd2 Qh5 16. Nd5 Nxd5 17. cxd5 Bh3 18. Rc7 Bxg2 19. Kxg2 e6 20. dxe6 Rxe6 21. Qf3 Qxf3+ 22. Kxf3 Bd4 23. Bf4 Be5 24. Be3 b5 25. Rfc1 bxa4 26. bxa4 Kg7 27. R1c6 Rf6+ 28. Kg2 Rb2 29. Rxa6 Rxe2 30. Rd7 Ra2 31. Ra8 g5 32. a5 g4 33. Rdd8 Rf3 34. Bb6 Rb3 35. Rg8+ Kf6 36. Ra7 h5 37. Bd8+ Ke6 38. Re7+ Kd5 39. Rxf7 Rb1 40. h3 Raa1 41. hxg4 1/2-1/2

[Event "Mitropa Online Cup Open 2021"]
[Site "Hybrid"]
[Date "2021.05.04"]
[Round "6.2"]
[White "Nagy, Gabor"]
[Black "Finek, Vaclav"]
[Result "1-0"]
[ECO "A11"]
[WhiteElo "2511"]
[BlackElo "2361"]
[Annotator "ChessBase"]
[PlyCount "115"]
[EventDate "2021.05.04"]
[EventType "team-tourn"]
[EventCountry "NET"]
[SourceTitle "playchess.com"]
[Source "ChessBase"]
[SourceQuality "1"]
[WhiteTeam "Hungary"]
[BlackTeam "Czech Republic"]
[WhiteTeamCountry "HUN"]
[BlackTeamCountry "CZE"]
[TimeControl "40/5400+30:1800+30"]

1. d4 Nf6 2. c4 g6 3. g3 c6 4. Bg2 d5 5. Qa4 Bg7 6. cxd5 Nxd5 7. Nf3 O-O 8. O-O Nb6 9. Qc2 Bg4 10. Rd1 N8d7 11. Nc3 Re8 12. h3 Bxf3 13. Bxf3 Qc7 14. Bg2 e5 15. dxe5 Nxe5 16. Ne4 h6 17. Be3 Rad8 18. Bc5 Nd5 19. Qb3 b6 20. Bd6 Qb7 21. Rac1 Qa8 22. Ba3 a5 23. Nd6 a4 24. Qc2 b5 25. Nxe8 Rxe8 26. Bc5 Nc4 27. b3 axb3 28. axb3 Ne5 29. Bd4 Re6 30. Bxd5 cxd5 31. Qc8+ Qxc8 32. Rxc8+ Kh7 33. Bxe5 Rxe5 34. e3 Rh5 35. Rc5 b4 36. Kg2 Re5 37. Rcxd5 Re6 38. Rd7 Kg8 39. Rb7 Bc3 40. Rdd7 Rf6 41. f4 h5 42. g4 hxg4 43. hxg4 g5 44. fxg5 Re6 45. Kf3 Kg7 46. Rxf7+ Kg6 47. Rf8 Kxg5 48. Rg8+ Kf6 49. g5+ Ke5 50. Rb5+ Kd6 51. Rb6+ Ke5 52. Rxe6+ Kxe6 53. Rb8 Kf5 54. Rb5+ Kg6 55. Kg4 Bd2 56. e4 Bc3 57. Rb6+ Kg7 58. Kf5 1-0

[Event "Mitropa Online Cup Open 2021"]
[Site "Hybrid"]
[Date "2021.05.04"]
[Round "6.3"]
[White "Bogner, Sebastian"]
[Black "Dragnev, Valentin"]
[Result "1-0"]
[ECO "B90"]
[WhiteElo "2577"]
[BlackElo "2559"]
[Annotator "ChessBase"]
[PlyCount "51"]
[EventDate "2021.05.04"]
[EventType "team-tourn"]
[EventCountry "NET"]
[SourceTitle "playchess.com"]
[Source "ChessBase"]
[SourceQuality "1"]
[WhiteTeam "Switzerland"]
[BlackTeam "Austria"]
[WhiteTeamCountry "SUI"]
[BlackTeamCountry "AUT"]
[TimeControl "40/5400+30:1800+30"]

1. e4 c5 2. Nc3 d6 3. Nge2 Nf6 4. d4 cxd4 5. Nxd4 a6 6. h3 e5 7. Nde2 h5 8. Bg5 Be6 9. Bxf6 Qxf6 10. Nd5 Qd8 11. Qd3 Nd7 12. O-O-O g6 13. Kb1 Nc5 14. Qa3 Bh6 15. Nec3 O-O 16. Be2 b5 17. h4 Rb8 18. f3 Bd7 19. b4 f5 20. bxc5 b4 21. Nxb4 dxc5 22. Qxa6 Rxb4+ 23. Ka1 Rf6 24. Bc4+ Rxc4 25. Qxc4+ Rf7 26. Rd6 1-0